 Dungeon Crawl Stone Soup version 0.23.2-1-ga50397a (webtiles) character file.

Game seed: 1688155102107733968

1855 Fang the Skirmisher (level 9, 0/85 HPs)
             Began as a Gargoyle Berserker on May 17, 2019.
             Was a Priest of Trog.
             Slain by a quasit (2 damage)
             ... while paralysed
             ... on level 6 of the Dungeon.
             The game lasted 00:05:16 (6471 turns).

Fang the Skirmisher (Gargoyle Berserker)            Turns: 6471, Time: 00:05:17

Health: 0/85       AC:  1    Str: 29    XL:     9   Next: 12%
Magic:  9/9        EV:  2    Int:  8    God:    Trog [***...]
Gold:   296        SH:  0    Dex: -1 (9) Spells: 8/8 levels left

rFire    . . .     SeeInvis .   a - +0 war axe
rCold    . . .     Gourm    .   (no shield)
rNeg     + . .     Faith    .   b - +0 animal skin
rPois    ∞         Spirit   .   (no helmet)
rElec    +         Reflect  .   w - scarf {cloud immunity}
rCorr    .         Harm     .   (no gloves)
MR       ++...                  (no boots)
Stlth    ..........             (no amulet)
HPRegen  1.24/turn              (no ring)
MPRegen  0.11/turn              (no ring)

@: paralysed, berserking (expiring), corroded, regenerating, slowed, lost
dexterity
A: negative energy resistance 1, electricity resistance, unbreathing,
petrification resistance, rot immunity, AC +6
a: Berserk, Trog's Hand, Renounce Religion


You were on level 6 of the Dungeon.
You worshipped Trog.
Trog was most pleased with you.
You were not hungry.

You visited 2 branches of the dungeon, and saw 7 of its levels.

You collected 296 gold pieces.

Inventory:

Hand Weapons
 a - a +0 war axe (weapon)
Armour
 b - a +0 animal skin (worn)
 w - a scarf of cloud immunity (worn)
Jewellery
 z - an uncursed amulet of harm {unknown}
Wands
 x - a wand of random effects (15)
Scrolls
 e - 11 scrolls of identify {unknown}
 h - 3 scrolls of teleportation {unknown}
 i - a scroll of fog {unknown}
 k - 3 scrolls of fear {unknown}
 m - 3 scrolls of amnesia {unknown}
 o - a scroll of noise {unknown}
 r - a scroll of immolation {unknown}
 s - a scroll of blinking {unknown}
 u - a scroll of acquirement {unknown}
 v - 2 scrolls of remove curse {unknown}
 y - a scroll of random uselessness {unknown}
 A - a scroll of summoning {unknown}
Potions
 d - a potion of haste {unknown}
 f - 6 potions of curing
 g - 2 potions of resistance {unknown}
 j - a potion of mutation {unknown}
 l - a potion of lignification {unknown}
 n - 2 potions of magic {unknown}
 p - a potion of heal wounds {unknown}
 q - 2 potions of might {unknown}
 t - 3 potions of invisibility {unknown}
Comestibles
 c - 17 rations


   Skills:
 + Level 7.1 Fighting
 + Level 5.9 Axes
 + Level 6.6 Armour
 + Level 5.0 Dodging


You had 8 spell levels left.
You didn't know any spells.
Your spell library was empty.

Dungeon Overview and Level Annotations

Branches:
Dungeon (6/15)             Temple (1/1) D:4

Altars:
Fedhas
Nemelex Xobeh

Annotations:
D:4 exclusion: oklob plant


Innate Abilities, Weirdness & Mutations

You are resistant to torment.
Your stone body is resilient. (AC +6)
You are immune to poison.
You resist negative energy. (rN+)
You are resistant to electric shocks. (rElec)
You can survive without breathing.
You are immune to petrification.
You are immune to rotting.


Message History

The quasit is almost dead.
The quasit closely misses you. The quasit claws you.
* * * LOW HITPOINT WARNING * * *
You feel clumsy.
You have lost your dexterity.
The quasit claws you.
* * * LOW HITPOINT WARNING * * *
The quasit bites you but does no damage.
The quasit claws you.
* * * LOW HITPOINT WARNING * * *
The quasit claws you.
* * * LOW HITPOINT WARNING * * *
The quasit bites you.
* * * LOW HITPOINT WARNING * * *
The quasit claws you.
* * * LOW HITPOINT WARNING * * *
The quasit claws you.
* * * LOW HITPOINT WARNING * * *
You feel clumsy. The quasit bites you.
You die...

######## ......#
####### #
##.##.######......
#.#............#####
#.#..##.####..#.####
#.......# #..###.##.
#..@.#### ##..#.###.
#.....5..# ##..## #.
#.####.#.# #.## #. #
#.#.# #.# #. ..#.#
##+###### .###.#
##...##... . .#
##.....#.##
##........##
#......)....


You could see a quasit.

Vanquished Creatures
  Edmund (D:6)
  An ice beast (D:2)
  A phantom (D:4)
  An ogre (D:4)
  A centaur (D:6)
  2 bullfrogs
  Blork the orc (D:6)
  A scorpion (D:5)
  5 wights (D:6)
  5 crimson imps
  3 hounds
  5 orc priests
  2 jellies (D:6)
  Crazy Yiuf (D:2)
  3 orc wizards
  Natasha (thrice) (D:2)
  An iguana (D:4)
  2 worker ants
  6 adders
  6 gnolls
  A shadow imp (D:5)
  An ooze (D:2)
  An adder zombie (D:5)
  2 dart slugs
  3 leopard geckos
  16 orcs
  5 giant cockroaches
  3 goblins
  10 hobgoblins
  7 jackals
  2 quokkas
  3 ball pythons
  12 bats
  4 frilled lizards
  4 kobolds
  6 rats
131 creatures vanquished.

Notes
Turn   | Place    | Note
-------+----------+-------------------------------------------
     0 | D:1      | Fang the Gargoyle Berserker began the quest for the Orb.
     0 | D:1      | Reached XP level 1. HP: 14/14 MP: 1/1
   127 | D:1      | Reached XP level 2. HP: 13/19 MP: 2/2
   293 | D:1      | Reached XP level 3. HP: 17/23 MP: 3/3
  1020 | D:2      | Reached ** piety under Trog
  1067 | D:2      | Noticed an ice beast
  1073 | D:2      | Killed an ice beast
  1073 | D:2      | Reached skill level 4 in Fighting
  1073 | D:2      | Reached XP level 4. HP: 17/29 MP: 4/4
  1073 | D:2      | Reached XP level 5. HP: 20/33 MP: 5/5
  1344 | D:2      | Noticed Natasha
  1366 | D:2      | Killed Natasha
  1387 | D:2      | Noticed Natasha
  1396 | D:2      | HP: 1/33 [Natasha/magic dart (3)]
  1400 | D:2      | Killed Natasha
  1633 | D:2      | Noticed Natasha
  1642 | D:2      | Killed Natasha
  1897 | D:2      | Found a sparkling altar of Nemelex Xobeh.
  1917 | D:2      | Found a runed translucent door.
  1918 | D:2      | Noticed Crazy Yiuf
  2079 | D:2      | Reached XP level 6. HP: 39/39 MP: 6/6
  2260 | D:2      | Killed Crazy Yiuf
  3107 | D:4      | Reached skill level 5 in Fighting
  3144 | D:4      | Reached XP level 7. HP: 15/44 MP: 7/7
  3517 | D:4      | Reached *** piety under Trog
  3593 | D:4      | Found a staircase to the Ecumenical Temple.
  3657 | Temple   | Entered the Ecumenical Temple
  3801 | D:4      | Found a blossoming altar of Fedhas.
  3820 | D:4      | Noticed an oklob plant
  3986 | D:4      | Reached skill level 5 in Armour
  4662 | D:5      | Entered Level 5 of the Dungeon
  4726 | D:5      | Reached XP level 8. HP: 37/51 MP: 8/8
  4958 | D:5      | Reached skill level 5 in Axes
  4970 | D:5      | Reached skill level 6 in Fighting
  5427 | D:6      | Noticed Blork the orc
  5438 | D:6      | Killed Blork the orc
  6016 | D:6      | Noticed Edmund
  6029 | D:6      | Killed Edmund
  6033 | D:6      | Reached XP level 9. HP: 56/56 MP: 9/9
  6086 | D:6      | Reached skill level 7 in Fighting
  6103 | D:6      | Reached skill level 5 in Dodging
  6451 | D:6      | Reached **** piety under Trog
  6469 | D:6      | Lost dexterity.
  6471 | D:6      | HP: 4/85 [quasit (1)]
  6471 | D:6      | Slain by a quasit

Skill      XL: |  1  2  3  4  5  6  7  8  9 |
---------------+----------------------------+-----
Axes           | 3 4 5 |  5.9
Dodging        | 2 3 4 5 |  5.0
Fighting       | 4 5 6 7 |  7.1
Armour         | 3 4 5 6 |  6.6

Action                   |  1- 3 |  4- 6 |  7- 9 || total
-------------------------+-------+-------+-------++-------
Melee: Hand axe          |   114 |   175 |    72 ||   361
       War axe           |       |       |   222 ||   222
Invok: Berserk           |     2 |     4 |     5 ||    11
       Trog's Hand       |       |       |     1 ||     1
  Use: Potion            |       |       |     1 ||     1
  Eat: Chunk             |     2 |    10 |    14 ||    26
       Ration            |       |       |     1 ||     1
Armor: Animal skin       |    56 |    54 |   102 ||   212
Dodge: Dodged            |   107 |   135 |   259 ||   501
